 Dungeon Crawl Stone Soup version 0.29-a0-375-g5102b3be25 (webtiles) character file.

Game seed: 4602762968805721131

25786 spaghetti the Cleaver (level 13, -1/156 HPs)
             Began as a Gnoll Berserker on May 3, 2022.
             Was an Elder of Trog.
             Slain by Nessos (3 damage)
             ... on level 4 of the Lair of Beasts.
             The game lasted 00:34:43 (12832 turns).

spaghetti the Cleaver (Gnoll Berserker)            Turns: 12832, Time: 00:34:44

Health: -1/156     AC: 15    Str: 20    XL:     13   Next: 21%
Magic:  25/25      EV: 20    Int:  8    God:    Trog [****..]
Gold:   188        SH:  0    Dex: 16    Spells: 28/28 levels left

rFire   . . .      SeeInvis .   a - +10 spear "Giwkittyto" {vorpal, rC++ Int-2 Dex+3, polearm}
rCold   + + .      Faith    .   (no shield)
rNeg    . . .      Spirit   .   I - +2 ring mail {Will+}
rPois   +          Reflect  .   S - +2 hat {Int+3}
rElec   .          Harm     .   (no cloak)
rCorr   +          Rampage  .   g - +1 pair of gloves
Will    +++..      Clarity  +   C - -1 pair of boots of the Comet {rPois rCorr}
Stlth   ..........              D - amulet of regeneration {@e2}
HPRegen 2.16/turn               F - +4 ring of evasion
MPRegen 0.19/turn               (no ring)

@: berserking, lethally poisoned (-1 -> -4), strong-willed, regenerating, very
quick
A: fangs 1, strong nose, distributed training, horns 2, iridescent scales 1,
clarity, sense surroundings 1, poison resistance, screaming 1
a: Renounce Religion, Berserk, Trog's Hand, Brothers in Arms


You were on level 4 of the Lair of Beasts.
You worshipped Trog.
Trog was greatly pleased with you.
You visited 2 branches of the dungeon, and saw 13 of its levels.
You also visited: Ossuary and Bailey.

You collected 1501 gold pieces.
You spent 1313 gold pieces at shops.


Innate Abilities, Weirdness & Mutations

You have very sharp teeth.
Your uncanny sense of smell can sniff out nearby items.
Your experience applies equally to all skills.
You have a pair of horns on your head.
You are partially covered in iridescent scales. (AC +2)
You possess an exceptional clarity of mind.
You passively map a small area around you.
Your system is resistant to poisons. (rPois)
You occasionally shout uncontrollably at your foes.


   Skills:
 + Level 10.4 Fighting
 + Level 8.1 Short Blades
 + Level 8.1 Long Blades
 + Level 10.4 Axes
 + Level 8.1 Maces & Flails
 + Level 8.1 Polearms
 + Level 8.1 Staves
 + Level 8.1 Slings
 + Level 8.1 Bows
 + Level 8.1 Crossbows
 + Level 8.1 Throwing
 + Level 9.3 Armour
 + Level 9.3 Dodging
 + Level 8.1 Stealth
 + Level 8.1 Shields
 + Level 8.1 Unarmed Combat
 + Level 8.1 Spellcasting
 + Level 6.7 Conjurations
 + Level 6.7 Hexes
 + Level 6.7 Summonings
 + Level 6.7 Necromancy
 + Level 6.7 Translocations
 + Level 6.7 Transmutations
 + Level 6.7 Fire Magic
 + Level 6.7 Ice Magic
 + Level 6.7 Air Magic
 + Level 6.7 Earth Magic
 + Level 6.7 Poison Magic
 + Level 8.8 Invocations
 + Level 8.1 Evocations


You had 28 spell levels left.
You didn't know any spells.
Your spell library contained the following spells:

 Spells                   Type           Power      Damage    Failure   Level
 Animate Skeleton         Necr           28%        N/A       1%          1
 Apportation              Tloc           28%        N/A       1%          1
 Summon Small Mammal      Summ           56%        N/A       1%          1
 Frozen Ramparts          Ice            28%        1d4       5%          3
 Gell's Gravitas          Tloc           14%        N/A       5%          3
 Lesser Beckoning         Tloc           14%        N/A       5%          3
 Teleport Other           Tloc           14%        N/A       5%          3
 Ice Form                 Ice/Tmut       14%        N/A       19%         4
 Summon Ice Beast         Ice/Summ       14%        N/A       19%         4

Inventory:

Hand Weapons
 a - the +10 spear "Giwkittyto" (weapon) {vorpal, rC++ Int-2 Dex+3, polearm}
   (You found it on level 7 of the Dungeon)

   It inflicts extra damage upon your enemies.
   Int:       It affects your intelligence (-2).
   Dex:       It affects your dexterity (+3).
   rC:        It greatly protects you from cold.
 b - the +8 longbow "Zephyr" {speed, Dex+3 SInv, bow}
   (You bought it in a shop on level 3 of the Dungeon)

   Attacks with this weapon are significantly faster.
   Dex:       It affects your dexterity (+3).
   SInv:      It lets you see invisible.
 d - the +2 shortbow "Newtslayer" {freeze, Will+, bow}
   (You took it off a spriggan in a bailey)

   Any ammunition fired from it freezes those it strikes, dealing additional
   cold damage.
   It can also slow down cold-blooded creatures.
   Will:      It increases your willpower.
Missiles
 e - 320 stones (quivered) {throwing}
 n - 2 boomerangs of dispersal {=f!fthrowing}
 w - 5 boomerangs {throwing}
 y - a throwing net {=f!fthrowing}
 J - 12 poisoned darts {throwing}
 W - 2 curare-tipped darts {=fthrowing}
Armour
 g - a +1 pair of gloves (worn)
   (You found it on level 1 of the Dungeon)
 C - the -1 pair of boots of the Comet (worn) {rPois rCorr}
   (You bought it in a shop on level 1 of the Dungeon)

   rPois:     It protects you from poison.
   rCorr:     It protects you from acid and corrosion.
 I - a +2 ring mail of willpower (worn)
   (You took it off an orc priest on level 8 of the Dungeon)
 N - a +0 helmet
   (You found it on level 7 of the Dungeon)
 S - a +2 hat of intelligence (worn)
   (You took it off Gastronok on level 1 of the Lair of Beasts)
 T - a +0 animal skin
Magical Staves
 l - a staff of poison {forbidden!astaff}
   (You found it on level 2 of the Dungeon)
 m - a staff of fire {forbidden!astaff}
   (You found it on level 8 of the Dungeon)
 u - a staff of air {forbidden!astaff}
   (You found it on level 2 of the Dungeon)
Jewellery
 x - a ring of resist corrosion
   (You found it on level 2 of the Dungeon)
 D - an amulet of regeneration (around neck) {@e2}
   (You found it on level 4 of the Dungeon)
 F - a +4 ring of evasion (left hand)
   (You found it on level 5 of the Dungeon)
 R - a ring of protection from cold
   (You found it on level 8 of the Dungeon)
 U - a ring of willpower
   (You found it on level 3 of the Lair of Beasts)
Wands
 t - a wand of iceblast (8)
   (You found it on level 8 of the Dungeon)
 B - a wand of polymorph (10)
   (You found it on level 4 of the Dungeon)
 H - a wand of flame (10)
   (You found it on level 6 of the Dungeon)
 V - a wand of mindburst (9)
   (You found it on level 3 of the Lair of Beasts)
Scrolls
 c - 7 scrolls of teleportation {@r4}
 h - 4 scrolls of amnesia
 i - 2 scrolls of magic mapping {!r}
 j - a scroll of poison {!r}
 o - 3 scrolls of fog
 s - 6 scrolls of blinking {!r}
 A - 7 scrolls of immolation {!r!r}
 E - 3 scrolls of enchant weapon
 P - a scroll of silence {!r}
Potions
 f - 10 potions of curing {@q1}
 k - 5 potions of might
 p - a potion of invisibility
 q - 5 potions of mutation {!q}
 r - 2 potions of haste {@q3}
 v - 5 potions of attraction {!q}
 z - a potion of lignification {!q}
 G - 2 potions of heal wounds {@q2}
 K - a potion of magic
 L - 4 potions of brilliance {unknown}
 M - a potion of cancellation
 O - 2 potions of berserk rage {unknown}
 Q - 2 potions of flight {unknown}

Dungeon Overview and Level Annotations

Branches:
Dungeon (9/15)             Temple (0/1) D:7            Lair (4/6) D:9
 Shoals (0/4) Lair:2      Ossuary (visited)          Bailey (visited)
  Snake: Lair:2-4    Spider: Lair:2-4       Orc: D:9-12

Altars:
Ashenzari
Cheibriados
Dithmenos
Fedhas
Hepliaklqana
Makhleb
Okawaru
Ru
Trog
Uskayaw
Xom
Yredelemnul
The Shining One

Shops:
D:1 [   D:3 :[(   D:7 *   D:8 *

Annotations:
D:3 1 runed translucent door, timneilson's ghost, amateur GrFi
D:5 2 transporters
Lair:3 1 runed translucent door, thiscave3701365's ghost, journeyman MiBe
Lair:4 Nessos

#≈##.P##...PP..... , ,
≈§#..#....#..#..* , ,
#≈#..##......#≈.* * *
#§≈#..........# ≈≈
§§##..........## , , *
§§#..#.........# * , ,
≈#*..##...#.P..###, , ,
, , ≈# .......P..).##.#*
##, ...........c@)..#,
###,............S§......
, .<#,
.................$. ###
.................. , , #
,, .................. ,,
# ,,∆, ............##P.#
#, ,............. ..# *
# * ∆,..PPPP...... .# *
## , , ,


You could see Nessos (fast) and a water moccasin.


Message History

A water moccasin comes into view.
You howl at the water moccasin!
The water moccasin hisses angrily.
You hear a shout!
You hear an angry hiss. x2 😮 HP[-13]
You take 13 damage, and now have 67/104 hp.
Unknown command.
Unknown command.
Your ogre goes berserk!
Trog will no longer gift you weapons.
You feel very sick.
Nessos shoots an arrow.
The arrow completely misses you.
Nessos shoots an arrow.
The arrow hits you! The arrow burns you.
Nessos shoots an arrow.
The arrow hits you!
* * * LOW HITPOINT WARNING * * *
The arrow burns you.
You are more poisoned.
* * * LOW HITPOINT WARNING * * *
😨 HP[-26]
You take 26 damage, and now have 41/104 hp.
MASSIVE DAMAGE!! (PAUSE)
You feel stupid.
You feel agile.
a - the +10 spear "Giwkittyto" (weapon)
{vorpal, rC++ Int-2 Dex+3, polearm} You feel very sick.
Nessos shoots an arrow.
The arrow completely misses you. 😨 HP[-2]
You take 2 damage, and now have 39/104 hp.
A red film seems to cover your vision as you go berserk!
You feel yourself moving faster!
You feel mighty!
You feel very sick.
Nessos shoots an arrow.
The arrow hits you.
* * * LOW HITPOINT WARNING * * *
The arrow burns you.
You are more poisoned.
* * * LOW HITPOINT WARNING * * *
Nessos shoots an arrow.
The arrow hits you!
* * * LOW HITPOINT WARNING * * *
The arrow burns you.
* * * LOW HITPOINT WARNING * * *
Your ogre hits the cane toad with a +0 giant club!
The cane toad stings you!
* * * LOW HITPOINT WARNING * * *
You hear an angry hiss.
Unknown command. 😱 HP[-9]
You now have 156 max hp (+52).
Reach: a) +10 spear "Giwkittyto" {vorpal, rC++ Int-2 Dex+3, polearm}
Press: ? - help, Dir - move target, f/p - Nessos
Aim: Nessos, wielding a +1 longbow of flaming and wearing a +2 barding (heavily wounded, fast, about 17% to evade the +10 spear "Giwkittyto")
You reach to attack!
You puncture Nessos!
You feel very sick.
Nessos shoots an arrow.
The arrow hits you!
* * * LOW HITPOINT WARNING * * *
The arrow burns you.
* * * LOW HITPOINT WARNING * * *
😱 HP[-16]
You take 16 damage, and now have 14/156 hp.
You are too berserk!
You are too berserk!
Unknown command.
Reach: a) +10 spear "Giwkittyto" {vorpal, rC++ Int-2 Dex+3, polearm}
Press: ? - help, Dir - move target, f/p - Nessos
Aim: Nessos, wielding a +1 longbow of flaming and wearing a +2 barding (heavily wounded, fast, about 17% to evade the +10 spear "Giwkittyto")
You reach to attack!
You barely miss Nessos.
You feel very sick.
Nessos shoots an arrow.
The arrow hits you.
* * * LOW HITPOINT WARNING * * *
The arrow burns you.
* * * LOW HITPOINT WARNING * * *
The cane toad closely misses you.
Your ogre hits the cane toad with a +0 giant club!!!
The cane toad dies!
Trog accepts your kill.
Nessos shoots an arrow.
The arrow closely misses you. The arrow hits your ogre!!
The arrow burns your ogre!
Your ogre is poisoned.
Your ogre dies!
Your ogre's corpse disappears in a puff of smoke! 😱 HP[-9]
You take 9 damage, and now have 5/156 hp.
Reach: a) +10 spear "Giwkittyto" {vorpal, rC++ Int-2 Dex+3, polearm}
Press: ? - help, Dir - move target, f/p - Nessos
Aim: Nessos, wielding a +1 longbow of flaming and wearing a +2 barding (heavily wounded, fast, about 17% to evade the +10 spear "Giwkittyto")
You reach to attack!
You hit Nessos but do no damage.
* * * LOW HITPOINT WARNING * * *
You feel sick. 😱 HP[-1]
You take 1 damage, and now have 4/156 hp.
You are possessed by a berserker rage.
You are lethally poisoned (4 -> -1).
Your willpower is greatly increased.
You are regenerating.
Your movement speed is very quick.
Your attack delay is about 0.4.
Your base attributes are Str 20, Int 7, Dex 13.
Unknown command.
You hit Nessos. You punch Nessos.
* * * LOW HITPOINT WARNING * * *
You feel very sick.
Nessos unwields a +1 longbow of flaming.
It stops flaming.
Nessos hits you but does no damage. Nessos kicks you.
You die...

Skill      XL: |  1  2  3  4  5  6  7  8  9 10 11 12 13 |
---------------+----------------------------------------+-----
Invocations    | 1 2 3 4 5 6 7 8 |  8.8
Short Blades   | 1 3 4 5 6 7 8 |  8.1
Long Blades    | 1 3 4 5 6 7 8 |  8.1
Maces & Flails | 1 3 4 5 6 7 8 |  8.1
Polearms       | 1 3 4 5 6 7 8 |  8.1
Staves         | 1 3 4 5 6 7 8 |  8.1
Slings         | 1 3 4 5 6 7 8 |  8.1
Bows           | 1 3 4 5 6 7 8 |  8.1
Crossbows      | 1 3 4 5 6 7 8 |  8.1
Throwing       | 1 3 4 5 6 7 8 |  8.1
Stealth        | 1 3 4 5 6 7 8 |  8.1
Shields        | 1 3 4 5 6 7 8 |  8.1
Unarmed Combat | 1 3 4 5 6 7 8 |  8.1
Spellcasting   | 1 3 4 5 6 7 8 |  8.1
Evocations     | 1 3 4 5 6 7 8 |  8.1
Conjurations   | 1 2 3 4 5 6 |  6.7
Hexes          | 1 2 3 4 5 6 |  6.7
Summonings     | 1 2 3 4 5 6 |  6.7
Necromancy     | 1 2 3 4 5 6 |  6.7
Translocations | 1 2 3 4 5 6 |  6.7
Transmutations | 1 2 3 4 5 6 |  6.7
Fire Magic     | 1 2 3 4 5 6 |  6.7
Ice Magic      | 1 2 3 4 5 6 |  6.7
Air Magic      | 1 2 3 4 5 6 |  6.7
Earth Magic    | 1 2 3 4 5 6 |  6.7
Poison Magic   | 1 2 3 4 5 6 |  6.7
Armour         | 5 6 7 8 9 |  9.3
Dodging        | 5 6 7 8 9 |  9.3
Fighting       | 7 8 9 10 | 10.4
Axes           | 7 8 9 10 | 10.4

Action                   |  1- 3 |  4- 6 |  7- 9 | 10-12 | 13-15 || total
-------------------------+-------+-------+-------+-------+-------++-------
Melee: Hand axe          |   106 |   195 |   221 |       |       ||   522
       Bite              |     6 |    10 |    31 |    18 |     5 ||    70
       Punch             |     2 |     4 |     8 |    12 |     1 ||    27
       Spear             |       |       |    38 |   288 |    24 ||   350
       Headbutt          |       |       |       |    48 |     7 ||    55
 Fire: Longbow           |       |       |       |   134 |    69 ||   203
Throw: Dart              |       |    98 |    50 |    35 |       ||   183
       Stone             |       |       |       |    79 |       ||    79
Invok: Berserk           |       |     3 |     9 |    12 |     2 ||    26
       Trog's Hand       |       |       |     3 |     1 |     1 ||     5
       Brothers in Arms  |       |       |     1 |       |     1 ||     2
  Use: Scroll            |       |     5 |    10 |    10 |       ||    25
       Potion            |       |       |     7 |     3 |       ||    10
 Stab: Sleeping          |     1 |     3 |     5 |       |       ||     9
       Distracted        |       |       |     1 |       |       ||     1
Armor: Animal skin       |    23 |    30 |    53 |    10 |       ||   116
       Ring mail         |       |       |       |    44 |     6 ||    50
Dodge: Dodged            |    78 |   111 |   184 |   221 |    29 ||   623

Levels and vault maps discovered:
D:1:      scummos_arrival_simple_fountains, layout_rooms, serial_shops,
          nicolae_shop_hallway_plus
D:2:      cheibrodos_pilgrimage, layout_loops_cross, grunt_decor_cap,
          minmay_small_reverse_x
D:3:      layout_loops_ring, marbit_many_paths, mainiacjoe_overflow_boulevard,
          mainiacjoe_overflow_big_doors, hellmonk_ecumenical_altar_run_dry,
          serial_shops, nicolae_shop_hallway_stairs, shop, shop,
          ebering_ghost_sewer_d, hex_tiny
D:4:      layout_basic, fedhas_altar_2
D:5:      gammafunk_wand_slinger, layout_cave_pools
D:6:      layout_basic, nzn_hepliaklqana_mist_gate, hangedman_decor_growths
D:7:      layout_cave_pools, temple_hall, gup_ossuary_entry_pyramid,
          nicolae_shop_clearance
D:8:      layout_loops_cross, grunt_temple_overflow_open, serial_shops,
          nicolae_inconvenience_store
D:9:      layout_long_grid, mainiacjoe_overflow_alcove_1, dpeg_lair_monsters,
          enter_bailey_4, hangedman_glass_teeth,
          nicolae_concentric_dashed_squares_mild, minivault_27
Lair:1:   layout_gridlike, grunt_megastairs_2, serial_bayou_shore_a,
          uniq_gastronok
Lair:2:   layout_regular_city, elwin_shoals_entry_rooms,
          nicolae_volcano_entry_batcave, beast_lair_carwin_3, grunt_megastairs_3
Lair:3:   layout_cave_pods, ebering_ghost_inner_flame, uniq_sonja
Lair:4:   cheibrodos_magma_flow, layout_gridlike, guppyfry_snake_entry_garden,
          nicolae_lair_time_for_slime, uniq_nessos

Notes
Turn   | Place    | Note
-------+----------+-------------------------------------------
     0 | D:1      | spaghetti the Gnoll Berserker began the quest for the Orb.
     0 | D:1      | Reached XP level 1. HP: 23/23 MP: 1/1
     0 | D:1      | magus.rc [v1.9.6]
    64 | D:1      | Reached XP level 2. HP: 27/29 MP: 2/2
   266 | D:1      | Found Texug's Antique Armour Emporium.
   352 | D:1      | Reached ** piety under Trog
   706 | D:2      | Reached XP level 3. HP: 32/35 MP: 3/3
   959 | D:2      | Reached skill level 1 in Invocations
   973 | D:2      | Reached skill level 1 in Short Blades
   973 | D:2      | Reached skill level 1 in Long Blades
   973 | D:2      | Reached skill level 1 in Maces & Flails
   973 | D:2      | Reached skill level 1 in Polearms
   973 | D:2      | Reached skill level 1 in Staves
   973 | D:2      | Reached skill level 1 in Slings
   973 | D:2      | Reached skill level 1 in Bows
   973 | D:2      | Reached skill level 1 in Crossbows
   973 | D:2      | Reached skill level 1 in Throwing
   973 | D:2      | Reached skill level 1 in Stealth
   973 | D:2      | Reached skill level 1 in Shields
   973 | D:2      | Reached skill level 1 in Unarmed Combat
   973 | D:2      | Reached skill level 1 in Spellcasting
   973 | D:2      | Reached skill level 1 in Evocations
  1115 | D:2      | Reached XP level 4. HP: 28/41 MP: 5/5
  1802 | D:2      | Reached skill level 1 in Conjurations
  1802 | D:2      | Reached skill level 1 in Hexes
  1802 | D:2      | Reached skill level 1 in Summonings
  1802 | D:2      | Reached skill level 1 in Necromancy
  1802 | D:2      | Reached skill level 1 in Translocations
  1802 | D:2      | Reached skill level 1 in Transmutations
  1802 | D:2      | Reached skill level 1 in Fire Magic
  1802 | D:2      | Reached skill level 1 in Ice Magic
  1802 | D:2      | Reached skill level 1 in Air Magic
  1802 | D:2      | Reached skill level 1 in Earth Magic
  1802 | D:2      | Reached skill level 1 in Poison Magic
  1805 | D:2      | Reached XP level 5. HP: 47/47 MP: 6/6
  2154 | D:3      | Found Ipeahuto's Book Boutique.
  2172 | D:3      | Found a runed translucent door.
  2181 | D:3      | Noticed timneilson's ghost (amateur GrFi)
  2226 | D:3      | Found Naozutin's Armour Shoppe.
  2307 | D:3      | Found a hide-covered altar of Uskayaw.
  2418 | D:3      | Found a burning altar of Makhleb.
  2515 | D:3      | Found Naocown's Weapon Boutique.
  2745 | D:3      | Found a shadowy altar of Dithmenos.
  2758 | D:3      | Found a snail-covered altar of Cheibriados.
  2846 | D:3      | Found a faded altar of an unknown god.
  3487 | D:4      | Noticed a black bear
  3495 | D:4      | Killed a black bear
  3496 | D:4      | Reached skill level 2 in Invocations
  3496 | D:4      | Reached XP level 6. HP: 53/53 MP: 8/8
  3538 | D:4      | Found a blossoming altar of Fedhas.
  3746 | D:4      | Reached *** piety under Trog
  3747 | D:4      | Reached skill level 5 in Armour
  3747 | D:4      | Reached skill level 5 in Dodging
  3876 | D:4      | Reached skill level 2 in Short Blades
  3876 | D:4      | Reached skill level 2 in Long Blades
  3876 | D:4      | Reached skill level 2 in Maces & Flails
  3876 | D:4      | Reached skill level 2 in Polearms
  3876 | D:4      | Reached skill level 2 in Staves
  3876 | D:4      | Reached skill level 2 in Slings
  3876 | D:4      | Reached skill level 2 in Bows
  3876 | D:4      | Reached skill level 2 in Crossbows
  3876 | D:4      | Reached skill level 2 in Throwing
  3876 | D:4      | Reached skill level 2 in Stealth
  3876 | D:4      | Reached skill level 2 in Shields
  3876 | D:4      | Reached skill level 2 in Unarmed Combat
  3876 | D:4      | Reached skill level 2 in Spellcasting
  3876 | D:4      | Reached skill level 2 in Evocations
  4008 | D:1      | Bought a pair of jewelled boots for 247 gold pieces
  4008 | D:1      | Identified the -1 pair of boots of the Comet {rPois rCorr}
                  | (You bought it in a shop on level 1 of the Dungeon)
  4555 | D:5      | Entered Level 5 of the Dungeon
  4583 | D:5      | Found a transporter.
  4584 | D:5      | Noticed a kobold demonologist
  4607 | D:5      | Noticed a two-headed ogre
  4619 | D:5      | Killed a two-headed ogre
  4620 | D:5      | Reached skill level 7 in Fighting
  4620 | D:5      | Reached skill level 3 in Short Blades
  4620 | D:5      | Reached skill level 3 in Long Blades
  4620 | D:5      | Reached skill level 7 in Axes
  4620 | D:5      | Reached skill level 3 in Maces & Flails
  4620 | D:5      | Reached skill level 3 in Polearms
  4620 | D:5      | Reached skill level 3 in Staves
  4620 | D:5      | Reached skill level 3 in Slings
  4620 | D:5      | Reached skill level 3 in Bows
  4620 | D:5      | Reached skill level 3 in Crossbows
  4620 | D:5      | Reached skill level 3 in Throwing
  4620 | D:5      | Reached skill level 3 in Stealth
  4620 | D:5      | Reached skill level 3 in Shields
  4620 | D:5      | Reached skill level 3 in Unarmed Combat
  4620 | D:5      | Reached skill level 3 in Spellcasting
  4620 | D:5      | Reached skill level 2 in Conjurations
  4620 | D:5      | Reached skill level 2 in Hexes
  4620 | D:5      | Reached skill level 2 in Summonings
  4620 | D:5      | Reached skill level 2 in Necromancy
  4620 | D:5      | Reached skill level 2 in Translocations
  4620 | D:5      | Reached skill level 2 in Transmutations
  4620 | D:5      | Reached skill level 2 in Fire Magic
  4620 | D:5      | Reached skill level 2 in Ice Magic
  4620 | D:5      | Reached skill level 2 in Air Magic
  4620 | D:5      | Reached skill level 2 in Earth Magic
  4620 | D:5      | Reached skill level 2 in Poison Magic
  4620 | D:5      | Reached skill level 3 in Invocations
  4620 | D:5      | Reached skill level 3 in Evocations
  4620 | D:5      | Reached XP level 7. HP: 43/60 MP: 9/11
  4620 | D:5      | Reached XP level 8. HP: 48/67 MP: 9/12
  4662 | D:5      | HP: 12/67 [orc/+0 trident (5)]
  4723 | D:5      | Found a transporter.
  4960 | D:5      | You pick up a book of Displacement {forbidden} and begin
                  | reading...
  4960 | D:5      | You add the spells Lesser Beckoning, Gell's Gravitas and
                  | Teleport Other to your library.
  5163 | D:6      | Identified the +1 ring mail of the Mind {-Tele rElec
                  | Will++}
  5307 | D:6      | Found a hazy altar of Hepliaklqana.
  5323 | D:6      | Reached skill level 4 in Invocations
  5790 | D:7      | Found Vyurimne's CLEARANCE SALE!.
  5794 | D:7      | Reached skill level 3 in Conjurations
  5794 | D:7      | Reached skill level 3 in Hexes
  5794 | D:7      | Reached skill level 3 in Summonings
  5794 | D:7      | Reached skill level 3 in Necromancy
  5794 | D:7      | Reached skill level 3 in Translocations
  5794 | D:7      | Reached skill level 3 in Transmutations
  5794 | D:7      | Reached skill level 3 in Fire Magic
  5794 | D:7      | Reached skill level 3 in Ice Magic
  5794 | D:7      | Reached skill level 3 in Air Magic
  5794 | D:7      | Reached skill level 3 in Earth Magic
  5794 | D:7      | Reached skill level 3 in Poison Magic
  5849 | D:7      | Reached skill level 6 in Armour
  5849 | D:7      | Reached skill level 6 in Dodging
  5966 | D:7      | Noticed a deep elf pyromancer
  5974 | D:7      | Found a sand-covered staircase.
  5984 | Ossuary  | Entered an ossuary
  6008 | Ossuary  | Reached XP level 9. HP: 72/72 MP: 14/14
  6128 | Ossuary  | Identified a scroll of acquirement
  6135 | Ossuary  | Acquired 775 gold pieces
  6252 | D:7      | HP: 22/109 [fire elemental[a deep elf pyromancer] (10)]
  6254 | D:7      | Killed a deep elf pyromancer
  6255 | D:7      | Reached skill level 4 in Short Blades
  6255 | D:7      | Reached skill level 4 in Long Blades
  6255 | D:7      | Reached skill level 4 in Maces & Flails
  6255 | D:7      | Reached skill level 4 in Polearms
  6255 | D:7      | Reached skill level 4 in Staves
  6255 | D:7      | Reached skill level 4 in Slings
  6255 | D:7      | Reached skill level 4 in Bows
  6255 | D:7      | Reached skill level 4 in Crossbows
  6255 | D:7      | Reached skill level 4 in Throwing
  6255 | D:7      | Reached skill level 4 in Stealth
  6255 | D:7      | Reached skill level 4 in Shields
  6255 | D:7      | Reached skill level 4 in Unarmed Combat
  6255 | D:7      | Reached skill level 4 in Spellcasting
  6255 | D:7      | Reached skill level 4 in Evocations
  6580 | D:7      | Reached skill level 8 in Fighting
  6580 | D:7      | Reached skill level 8 in Axes
  6589 | D:7      | Reached **** piety under Trog
  6722 | D:7      | Identified the +10 spear "Giwkittyto" {vorpal, rC++ Int-2
                  | Dex+3}
  6736 | D:7      | Found a staircase to the Ecumenical Temple.
  6990 | D:8      | Reached skill level 5 in Invocations
  7082 | D:8      | Found Urhaor's Assorted Antiques.
  7316 | D:8      | Bought a pair of twisted gloves for 285 gold pieces
  7316 | D:8      | Identified the -5 pair of gloves "Focrakh" {-Tele Dex+5}
                  | (You bought it in a shop on level 8 of the Dungeon)
  7411 | D:8      | Found a bloodstained altar of Trog.
  7474 | D:8      | Found an iron altar of Okawaru.
  7476 | D:8      | Found a basalt altar of Yredelemnul.
  7478 | D:8      | Found a broken altar of Ashenzari.
  7478 | D:8      | Found a sacrificial altar of Ru.
  7479 | D:8      | Found a shimmering altar of Xom.
  7813 | D:9      | Noticed a death yak
  7814 | D:9      | Found a staircase to the Lair.
  7816 | D:9      | Noticed a death yak
  7824 | D:9      | Reached XP level 10. HP: 80/80 MP: 17/17
  7824 | D:9      | Noticed a death yak
  7826 | D:9      | Reached skill level 4 in Conjurations
  7826 | D:9      | Reached skill level 4 in Hexes
  7826 | D:9      | Reached skill level 4 in Summonings
  7826 | D:9      | Reached skill level 4 in Necromancy
  7826 | D:9      | Reached skill level 4 in Translocations
  7826 | D:9      | Reached skill level 4 in Transmutations
  7826 | D:9      | Reached skill level 4 in Fire Magic
  7826 | D:9      | Reached skill level 4 in Ice Magic
  7826 | D:9      | Reached skill level 4 in Air Magic
  7826 | D:9      | Reached skill level 4 in Earth Magic
  7826 | D:9      | Reached skill level 4 in Poison Magic
  7829 | D:9      | Killed a death yak
  7830 | D:9      | Reached skill level 5 in Short Blades
  7830 | D:9      | Reached skill level 5 in Long Blades
  7830 | D:9      | Reached skill level 5 in Maces & Flails
  7830 | D:9      | Reached skill level 5 in Polearms
  7830 | D:9      | Reached skill level 5 in Staves
  7830 | D:9      | Reached skill level 5 in Slings
  7830 | D:9      | Reached skill level 5 in Bows
  7830 | D:9      | Reached skill level 5 in Crossbows
  7830 | D:9      | Reached skill level 5 in Throwing
  7830 | D:9      | Reached skill level 5 in Stealth
  7830 | D:9      | Reached skill level 5 in Shields
  7830 | D:9      | Reached skill level 5 in Unarmed Combat
  7830 | D:9      | Reached skill level 5 in Spellcasting
  7830 | D:9      | Reached skill level 5 in Evocations
  7835 | D:9      | Killed a death yak
  7836 | D:9      | Reached skill level 7 in Armour
  7836 | D:9      | Reached skill level 7 in Dodging
  7839 | D:9      | HP: 4/82 [death yak (23)]
  7841 | D:9      | Killed a death yak
  7844 | D:9      | Reached skill level 6 in Invocations
  7935 | D:9      | Noticed a two-headed ogre
  7945 | D:9      | Killed a two-headed ogre
  8220 | D:9      | Gained mutation: Armour fits poorly on your strangely
                  | shaped body. [potion of mutation]
  8220 | D:9      | Gained mutation: You have large cloven feet. [potion of
                  | mutation]
  8220 | D:9      | Gained mutation: You have a pair of small horns on your
                  | head. [potion of mutation]
  8221 | D:9      | Lost mutation: You have a pair of small horns on your head.
                  | [potion of mutation]
  8221 | D:9      | Lost mutation: Armour fits poorly on your strangely shaped
                  | body. [potion of mutation]
  8221 | D:9      | Gained mutation: Your mind is acute. (Int +2) [potion of
                  | mutation]
  8221 | D:9      | Gained mutation: You passively map a small area around you.
                  | [potion of mutation]
  8221 | D:9      | Gained mutation: You occasionally shout uncontrollably at
                  | your foes. [potion of mutation]
  8221 | D:9      | Gained mutation: You are partially covered in iridescent
                  | scales. (AC +2) [potion of mutation]
  8222 | D:9      | Lost mutation: Your mind is acute. (Int +2) [potion of
                  | mutation]
  8222 | D:9      | Lost mutation: You have large cloven feet. [potion of
                  | mutation]
  8222 | D:9      | Gained mutation: You have a pair of small horns on your
                  | head. [potion of mutation]
  8222 | D:9      | Gained mutation: Your system is resistant to poisons.
                  | (rPois) [potion of mutation]
  8222 | D:9      | Gained mutation: You have a pair of horns on your head.
                  | [potion of mutation]
  8222 | D:9      | Gained mutation: You possess an exceptional clarity of
                  | mind. [potion of mutation]
  8239 | D:9      | Found a flagged portal.
  8244 | Bailey   | Entered a bailey
  8349 | Bailey   | Reached XP level 11. HP: 87/87 MP: 19/19
  8441 | Bailey   | Noticed a two-headed ogre
  8455 | Bailey   | Killed a two-headed ogre
  8456 | Bailey   | Reached skill level 9 in Fighting
  8456 | Bailey   | Reached skill level 6 in Short Blades
  8456 | Bailey   | Reached skill level 6 in Long Blades
  8456 | Bailey   | Reached skill level 9 in Axes
  8456 | Bailey   | Reached skill level 6 in Maces & Flails
  8456 | Bailey   | Reached skill level 6 in Polearms
  8456 | Bailey   | Reached skill level 6 in Staves
  8456 | Bailey   | Reached skill level 6 in Slings
  8456 | Bailey   | Reached skill level 6 in Bows
  8456 | Bailey   | Reached skill level 6 in Crossbows
  8456 | Bailey   | Reached skill level 6 in Throwing
  8456 | Bailey   | Reached skill level 6 in Stealth
  8456 | Bailey   | Reached skill level 6 in Shields
  8456 | Bailey   | Reached skill level 6 in Unarmed Combat
  8456 | Bailey   | Reached skill level 6 in Spellcasting
  8456 | Bailey   | Reached skill level 5 in Conjurations
  8456 | Bailey   | Reached skill level 5 in Hexes
  8456 | Bailey   | Reached skill level 5 in Summonings
  8456 | Bailey   | Reached skill level 5 in Necromancy
  8456 | Bailey   | Reached skill level 5 in Translocations
  8456 | Bailey   | Reached skill level 5 in Transmutations
  8456 | Bailey   | Reached skill level 5 in Fire Magic
  8456 | Bailey   | Reached skill level 5 in Ice Magic
  8456 | Bailey   | Reached skill level 5 in Air Magic
  8456 | Bailey   | Reached skill level 5 in Earth Magic
  8456 | Bailey   | Reached skill level 5 in Poison Magic
  8456 | Bailey   | Reached skill level 6 in Evocations
  8469 | Bailey   | Identified the +2 shortbow "Newtslayer" {freeze, Will+}
  8851 | D:9      | Found a glowing golden altar of the Shining One.
  9061 | Lair:1   | Entered Level 1 of the Lair of Beasts
  9265 | Lair:1   | Noticed Gastronok
  9286 | Lair:1   | HP: 33/133 [Gastronok (12)]
  9289 | Lair:1   | Killed Gastronok
  9290 | Lair:1   | Reached skill level 7 in Invocations
  9671 | Lair:2   | Reached skill level 8 in Armour
  9671 | Lair:2   | Reached skill level 8 in Dodging
  9937 | D:3      | Bought the +8 longbow "Zephyr" {speed, Dex+3 SInv} for 781
                  | gold pieces
  9937 | D:3      | Found the +8 longbow "Zephyr" {speed, Dex+3 SInv, bow}
 10290 | Lair:2   | Noticed a death yak
 10293 | Lair:2   | Noticed a death yak
 10294 | Lair:2   | Noticed a death yak
 10295 | Lair:2   | Noticed a death yak
 10299 | Lair:2   | Killed a death yak
 10300 | Lair:2   | Reached XP level 12. HP: 96/96 MP: 22/22
 10308 | Lair:2   | Killed a death yak
 10314 | Lair:2   | Killed a death yak
 10315 | Lair:2   | Reached skill level 7 in Short Blades
 10315 | Lair:2   | Reached skill level 7 in Long Blades
 10315 | Lair:2   | Reached skill level 7 in Maces & Flails
 10315 | Lair:2   | Reached skill level 7 in Polearms
 10315 | Lair:2   | Reached skill level 7 in Staves
 10315 | Lair:2   | Reached skill level 7 in Slings
 10315 | Lair:2   | Reached skill level 7 in Bows
 10315 | Lair:2   | Reached skill level 7 in Crossbows
 10315 | Lair:2   | Reached skill level 7 in Throwing
 10315 | Lair:2   | Reached skill level 7 in Stealth
 10315 | Lair:2   | Reached skill level 7 in Shields
 10315 | Lair:2   | Reached skill level 7 in Unarmed Combat
 10315 | Lair:2   | Reached skill level 7 in Spellcasting
 10315 | Lair:2   | Reached skill level 7 in Evocations
 10321 | Lair:2   | Killed a death yak
 10473 | Lair:2   | Reached skill level 6 in Conjurations
 10473 | Lair:2   | Reached skill level 6 in Hexes
 10473 | Lair:2   | Reached skill level 6 in Summonings
 10473 | Lair:2   | Reached skill level 6 in Necromancy
 10473 | Lair:2   | Reached skill level 6 in Translocations
 10473 | Lair:2   | Reached skill level 6 in Transmutations
 10473 | Lair:2   | Reached skill level 6 in Fire Magic
 10473 | Lair:2   | Reached skill level 6 in Ice Magic
 10473 | Lair:2   | Reached skill level 6 in Air Magic
 10473 | Lair:2   | Reached skill level 6 in Earth Magic
 10473 | Lair:2   | Reached skill level 6 in Poison Magic
 10638 | Lair:2   | Found a staircase to the Shoals.
 10661 | Lair:2   | Noticed a five-headed hydra
 10671 | Lair:2   | Killed a five-headed hydra
 10672 | Lair:2   | Reached skill level 8 in Invocations
 11073 | Lair:2   | Reached skill level 10 in Fighting
 11073 | Lair:2   | Reached skill level 10 in Axes
 11145 | Lair:3   | Noticed a four-headed hydra
 11154 | Lair:3   | Killed a four-headed hydra
 11472 | Lair:3   | Reached skill level 9 in Armour
 11472 | Lair:3   | Reached skill level 9 in Dodging
 11532 | Lair:3   | You pick up a book of Cantrips {forbidden} and begin
                  | reading...
 11532 | Lair:3   | You add the spells Animate Skeleton, Summon Small Mammal
                  | and Apportation to your library.
 11568 | Lair:3   | Found a runed translucent door.
 11569 | Lair:3   | Noticed thiscave3701365's ghost (journeyman MiBe)
 11594 | Lair:3   | Noticed an eight-headed hydra
 11601 | Lair:3   | Killed an eight-headed hydra
 11844 | Lair:3   | Reached ***** piety under Trog
 11857 | Lair:3   | You pick up a book of Rime {forbidden} and begin reading...
 11857 | Lair:3   | You add the spells Frozen Ramparts, Ice Form and Summon Ice
                  | Beast to your library.
 11977 | Lair:3   | Noticed Sonja
 12011 | Lair:3   | Killed Sonja
 12012 | Lair:3   | Reached XP level 13. HP: 90/103 MP: 24/24
 12089 | Lair:3   | Reached skill level 8 in Short Blades
 12089 | Lair:3   | Reached skill level 8 in Long Blades
 12089 | Lair:3   | Reached skill level 8 in Maces & Flails
 12089 | Lair:3   | Reached skill level 8 in Polearms
 12089 | Lair:3   | Reached skill level 8 in Staves
 12089 | Lair:3   | Reached skill level 8 in Slings
 12089 | Lair:3   | Reached skill level 8 in Bows
 12089 | Lair:3   | Reached skill level 8 in Crossbows
 12089 | Lair:3   | Reached skill level 8 in Throwing
 12089 | Lair:3   | Reached skill level 8 in Stealth
 12089 | Lair:3   | Reached skill level 8 in Shields
 12089 | Lair:3   | Reached skill level 8 in Unarmed Combat
 12089 | Lair:3   | Reached skill level 8 in Spellcasting
 12089 | Lair:3   | Reached skill level 8 in Evocations
 12818 | Lair:4   | Noticed Nessos
 12828 | Lair:4   | HP: 30/156 [cane toad (10)]
 12829 | Lair:4   | HP: 14/156 [Nessos/arrow (3)]
 12830 | Lair:4   | HP: 5/156 [Nessos/arrow (2)]
 12832 | Lair:4   | HP: 2/156 [poisoned by Nessos]
 12832 | Lair:4   | Slain by Nessos

Vanquished Creatures
  Gastronok (Lair:1)
  3 hydras
  3 two-headed ogres
  5 death yaks
  Sonja (Lair:3)
  A deep elf pyromancer (D:7)
  A merfolk siren (Lair:2)
  A black mamba (Lair:2)
  7 cane toads
  A torpor snail (Lair:2)
  2 molten gargoyles (Lair:4)
  A rime drake (Lair:2)
  2 komodo dragons (Lair:2)
  5 blink frogs (Lair:3)
  4 spriggans (Bailey)
  3 fire bats (Lair:2)
  2 wyverns
  24 yaks
  4 basilisks
  A steam dragon (Bailey)
  6 water moccasins
  4 black bears
  2 orc warriors
  A sky beast (D:7)
  7 wolves (Lair:2)
  A centaur (D:5)
  7 ogres
  A kobold brigand (D:7)
  15 bullfrogs
  A gnoll sergeant (D:7)
  A necrophage (D:7)
  4 wights (D:7)
  3 killer bees (D:9)
  A howler monkey (D:9)
  2 jellies (Lair:4)
  5 lava snakes (Lair:4)
  2 gnoll shamans
  4 hounds
  4 orc priests
  2 iguanas
  4 orc wizards
  6 mummies
  13 gnolls
  6 adders
  A shadow imp (D:5)
  3 white imps
  4 worms
  2 dart slugs
  36 orcs
  7 endoplasms
  4 giant cockroaches
  3 gnoll zombies (Ossuary)
  7 goblins
  6 hobgoblins
  14 jackals
  11 kobolds
  4 quokkas
  4 ball pythons
  7 bats
  7 frilled lizards
  A goblin zombie (Ossuary)
  A kobold zombie (Ossuary)
  3 orc zombies (Ossuary)
  2 rats (D:1)
301 creatures vanquished.

Vanquished Creatures (collateral kills)
  2 death yaks (D:9)
  A cane toad (Lair:4)
  A gnoll sergeant (D:9)
  An orc priest (D:9)
  An orc wizard (D:9)
  A hell rat (D:9)
  4 gnolls (D:9)
  3 river rats (D:9)
  2 orcs (D:9)
  A quokka (D:9)
  2 rats (D:9)
19 creatures vanquished.

Vanquished Creatures (others)
  10 fungi
  17 plants
27 creatures vanquished.

Grand Total: 347 creatures vanquished

Table legend:
 A = Non-vault XP
 B = Vault XP
 C = Vault XP percentage of total XP
 D = Non-vault monster count
 E = Vault monster count
 F = Vault count percentage of total count
                 A         B        C        D         E       F
            +---------+---------+-------+---------+---------+-------
      Total |   25154 |   11684 |  31.7 |     242 |      78 |  24.4
            +---------+---------+-------+---------+---------+-------
        D:1 |      25 |       0 |   0.0 |      17 |       0 |   0.0
        D:2 |      82 |      86 |  51.2 |      21 |      10 |  32.3
        D:3 |      47 |       2 |   4.1 |      20 |       1 |   4.8
        D:4 |     260 |       0 |   0.0 |      28 |       0 |   0.0
        D:5 |    1471 |       0 |   0.0 |      21 |       0 |   0.0
        D:6 |     171 |       0 |   0.0 |       6 |       0 |   0.0
        D:7 |    1554 |      18 |   1.1 |      23 |       1 |   4.2
        D:8 |     627 |       0 |   0.0 |      14 |       0 |   0.0
        D:9 |    1538 |    2536 |  62.2 |      21 |      16 |  43.2
     Lair:1 |    1292 |    1564 |  54.8 |       7 |       2 |  22.2
     Lair:2 |    9300 |    2838 |  23.4 |      29 |      13 |  31.0
     Lair:3 |    7397 |     792 |   9.7 |      29 |       1 |   3.3
     Lair:4 |    1390 |    1134 |  44.9 |       6 |       9 |  60.0
    Ossuary |       0 |     100 | 100.0 |       0 |      13 | 100.0
     Bailey |       0 |    2614 | 100.0 |       0 |      12 | 100.0
            +---------+---------+-------+---------+---------+-------

Illustrated notes

Table legend:
 A = Kills in this place as a percentage of kills in entire the game.
 B = Kills by you in this place as a percentage of kills by you in the entire game.
 C = Kills by friends in this place as a percentage of kills by friends in the entire game.
 D = Other kills in this place as a percentage of other kills in the entire game.
 E = Experience gained in this place as a percentage of experience gained in the entire game.
 F = Experience gained in this place divided by the number of levels of this place that you have seen.
                   A       B       C       D       E      F
               +-------+-------+-------+-------+-------+----------------------
         Total | 100.0 | 100.0 | 100.0 |   N/A | 100.0 | 2455.9
       Dungeon |  62.2 |  60.1 |  94.7 |   N/A |  22.8 | 935.2
          Lair |  30.0 |  31.6 |   5.3 |   N/A |  69.8 | 6426.8
       Ossuary |   4.1 |   4.3 |   0.0 |   N/A |   0.3 | 100.0
        Bailey |   3.8 |   4.0 |   0.0 |   N/A |   7.1 | 2614.0
               +-------+-------+-------+-------+-------+----------------------

Table legend: (Time is in decaauts)
 A = Elapsed time spent in this place.
 B = Non-inter-level travel time spent in this place.
 C = Inter-level travel time spent in this place.
 D = Time resting spent in this place.
 E = Time spent auto-exploring this place.
 F = Levels seen in this place.
 G = Mean time per level.
                   A        B        C        D        E       F      G
               +--------+--------+--------+--------+--------+-----+--------+
         Total |  12923 |  11879 |   1044 |   1222 |   8452 |  15 |  861.5 |
       Dungeon |   8949 |   8045 |    904 |    756 |   5951 |   9 |  994.3 |
          Lair |   3314 |   3175 |    139 |    357 |   2200 |   4 |  828.5 |
       Ossuary |    230 |    230 |      0 |     11 |    118 |   1 |  230.0 |
        Bailey |    429 |    429 |      0 |     97 |    182 |   1 |  429.0 |
               +--------+--------+--------+--------+--------+-----+--------+

Top non-repeatable levels by time:
     D:2: 1601 daAuts
  Lair:2: 1236 daAuts
  Lair:3: 1210 daAuts
     D:4: 1202 daAuts
     D:3: 1151 daAuts
     D:8: 1087 daAuts
     D:9: 1000 daAuts
     D:7: 911 daAuts
     D:6: 701 daAuts
     D:1: 667 daAuts
     D:5: 626 daAuts
  Lair:4: 481 daAuts
  Bailey: 429 daAuts
  Lair:1: 385 daAuts
 Ossuary: 230 daAuts
